AoeStats
← ESCAPE.exe

MegaRandom

504536172Analyzed
4v4 RM · 27d ago on Sep 5, 2026· 42m 47s· 8 players
Game mode
Random Map
Map size
Large (8 player)
Population
200
Speed
Normal
Resources
Standard
Victory
Conquest
Starting age
Dark Age
Ending age
Imperial Age
RankedLock teamsTeams togetherTeam positionsShared explorationLock speedFull tech treeHidden civsTurbo modeCheats
Victory
Defeat
🇫🇷 Inca · France
1086
+15
🇺🇸 Malay · United States
1069
+16
🇷🇺 Huns · Russia
1061
+16
🇪🇸 Britons · Spain
1012
+18
🇨🇳 Wu · China
1107
-17
🇧🇷 Bulgarians · Brazil
1085
-17
🇵🇪 Bohemians · Peru
1073
-17
🇮🇳 Persians · India
1019
-25
Sairax
11:24 Feudal Age
12:38 Loom
12:58 Double-Bit Axe
16:35 Castle Age
18:59 Bow Saw
19:01 Forging
18:57 Scale Barding Armor
19:31 Horse Collar
27:15 Wheelbarrow
27:28 Marauders
28:38 Hand Cart
29:14 Bloodlines
29:05 Husbandry
29:43 Iron Casting
29:04 Fishing Lines
30:10 Gold Mining
30:10 Stone Mining
33:40 Town Watch
38:42 Imperial Age
37:41 Chain Barding Armor
38:45 Cavalier
39:50 Conscription
41:21 Plate Barding Armor
41:47 Blast Furnace
Walolo
12:40 Loom
17:41 Feudal Age
19:24 Horse Collar
19:32 Double-Bit Axe
20:55 Wheelbarrow
20:06 Town Watch
20:17 Gold Mining
22:03 Stone Mining
23:42 Fletching
23:52 Padded Archer Armor
27:37 Castle Age
27:40 Crossbowman
28:23 Heavy Plow
28:34 Bow Saw
29:43 Gold Shaft Mining
29:28 Hand Cart
31:14 Ballistics
31:07 Bodkin Arrow
31:28 Leather Archer Armor
34:36 Yeomen
40:00 Imperial Age
40:32 Masonry
Frodon le Hobbit
2:50 Loom
13:10 Feudal Age
19:12 Castle Age
17:00 Champi Runner
20:54 Champi Warrior
21:59 Forging
21:51 Scale Mail Armor
21:58 Squires
25:57 Iron Casting
28:17 Padded Archer Armor
29:07 Horse Collar
29:14 Double-Bit Axe
30:03 Chain Mail Armor
30:09 Town Watch
33:40 Wheelbarrow
37:51 Imperial Age
36:22 Stone Mining
37:10 Fortified Wall
37:27 Pikeman
42:47 Imperial Age
43:04 Gold Mining
43:20 Heavy Plow
Evil Mechanic
7:22 Loom
11:30 Feudal Age
16:40 Castle Age
17:34 Wheelbarrow
17:27 Double-Bit Axe
20:28 Bow Saw
21:39 Fishing Lines
22:46 Gillnets
27:16 Horse Collar
27:54 Hand Cart
27:25 Town Watch
33:34 Imperial Age
36:37 Chemistry
35:58 Ballistics
35:44 Siege Engineers
35:49 Masonry
35:42 Husbandry
35:03 Elite Battle Elephant
36:51 Forging
36:47 Scale Barding Armor
38:12 Gold Mining
38:12 Stone Mining
38:58 Iron Casting
38:03 Pikeman
38:44 Squires
38:29 Arson
39:55 Man-at-Arms
40:40 Forced Levy
41:41 Blast Furnace
40:38 Long Swordsman
41:40 Conscription
41:35 Heavy Plow
42:13 Gold Shaft Mining
42:14 Stone Shaft Mining
42:21 Two-Handed Swordsman
43:36 Crop Rotation
ESCAPE.exe
11:03 Feudal Age
19:15 Gold Mining
19:13 Double-Bit Axe
19:13 Horse Collar
20:51 Stone Mining
24:31 Castle Age
26:14 Gold Shaft Mining
25:42 Heavy Plow
25:55 Bow Saw
28:26 Stone Shaft Mining
29:52 Wheelbarrow
29:04 Town Watch
29:05 Loom
31:21 Hand Cart
33:48 Imperial Age
31:40 Hand Cart
33:13 Bloodlines
33:04 Husbandry
36:56 Scale Barding Armor
38:28 Town Patrol
39:17 Chain Barding Armor
38:19 Cavalier
40:45 Plate Barding Armor
Jc
4:59 Loom
12:05 Feudal Age
16:56 Town Watch
19:53 Castle Age
20:44 Wheelbarrow
21:25 Double-Bit Axe
21:22 Horse Collar
26:00 Bow Saw
28:36 Heavy Plow
28:23 Town Watch
34:08 Imperial Age
31:54 Hand Cart
34:39 Chemistry
34:51 Scale Mail Armor
35:01 Forging
35:25 Pikeman
36:05 Squires
36:00 Arson
36:31 Chain Mail Armor
36:52 Iron Casting
36:40 Conscription
36:49 Conscription
36:35 Wagenburg Tactics
36:56 Elite Hussite Wagon
37:56 Halberdier
39:08 Fletching
Balbinot0101711
5:00 Loom
12:08 Feudal Age
15:58 Castle Age
14:21 Double-Bit Axe
15:28 Horse Collar
16:55 Squires
17:49 Gambesons
22:03 Wheelbarrow
23:59 Heavy Plow
25:38 Scale Mail Armor
25:50 Forging
26:29 Arson
27:48 Town Watch
28:51 Iron Casting
28:31 Chain Mail Armor
32:03 Imperial Age
29:52 Fletching
30:03 Padded Archer Armor
30:32 Gold Mining
30:33 Stone Mining
30:46 Town Patrol
31:22 Murder Holes
31:26 Bodkin Arrow
Akatsukireiha
0:28 Loom
11:29 Feudal Age
12:24 Feudal Age
13:47 Town Watch
14:38 Wheelbarrow
16:10 Double-Bit Axe
19:54 Castle Age
18:42 Gold Mining
18:42 Stone Mining
18:34 Horse Collar
18:47 Fletching
18:57 Padded Archer Armor
23:33 Heavy Plow
27:54 Bow Saw
32:23 Bodkin Arrow
34:22 Ballistics
36:52 Imperial Age
35:56 Red Cliffs Tactics
37:29 Hand Cart
37:14 Town Patrol
37:19 Padded Archer Armor
38:05 Conscription
38:44 Bracer
38:59 Leather Archer Armor
39:58 Chemistry
Connection lost

Rejoining the realm…

Still unreachable

The connection could not be restored.

Session expired

The server has moved on; the page needs a fresh start.